 Dungeon Crawl Stone Soup version 0.26-a0-597-gb535b0901c (webtiles) character file.

Game seed: 2812444638722218561

574895 fuzzi the Wrestler (level 26, -35/267 HPs)
             Began as a Troll Transmuter on Aug 31, 2020.
             Was the Champion of Cheibriados.
             Killed from afar by an ancient lich (67 damage)
             ... with an iron shot
             ... on level 4 of the Vaults on Sept 1, 2020.
             The game lasted 04:22:38 (80508 turns).

fuzzi the Wrestler (Troll Transmuter)              Turns: 80508, Time: 04:22:39

Health: -35/267    AC: 39    Str: 49    XL:     26   Next: 23%
Magic:  0/41       EV:  8    Int: 33    God:    Cheibriados [******]
Gold:   8209       SH: 17    Dex: 29    Spells: 16/38 levels left

rFire    + + +     SeeInvis .     - Unarmed
rCold    + + +     Faith    .   H - +2 kite shield
rNeg     + + .     Spirit   +   v - +5 gold dragon scales
rPois    +         Reflect  .   (helmet currently unavailable)
rElec    +         Harm     .   X - +2 cloak
rCorr    +                      (gloves unavailable)
MR       +....                  (boots unavailable)
Stlth    ..........             W - amulet of Fesec {Spirit Str+4 Slay+2}
HPRegen  0.94/turn              y - ring of the Robin {rPois rN+ MP+9 Int+6 Dex+4}
MPRegen  0.27/turn              g - ring "Ysoytt" {rF+ rC+ rN+ Stlth+}

@: mighty, appendages, resistant, slightly contaminated, lightly drained,
invisible, very slow
A: large, unfitting armour, claws 3, horns 2, talons 2, iridescent scales 1,
yellow scales 1, mutation resistance 1, regeneration 1, shaggy fur 1, tough skin
3
}: 2/15 runes: decaying, serpentine
a: End Transformation, Bend Time, Temporal Distortion, Slouch, Step From Time,
Renounce Religion


You were on level 4 of the Vaults.
You worshipped Cheibriados.
Cheibriados was exalted by your worship.
You had grown temporary horns.
You had grown temporary talons.
You visited 9 branches of the dungeon, and saw 47 of its levels.
You visited the Abyss 1 time.
You also visited: Trove, Gauntlet, Ice Cave and Wizlab.

You collected 11501 gold pieces.
You spent 3292 gold pieces at shops.

Inventory:

Hand Weapons
 c - a +9 vorpal demon trident
Missiles
 A - 26 silver javelins
 F - 99 large rocks (quivered)
 M - 4 throwing nets
 N - 14 curare-tipped darts
 Z - 22 javelins
Armour
 s - a scarf of invisibility
 t - a +2 hat (melded)
 v - +5 gold dragon scales (worn)
 H - a +2 kite shield (worn)
 X - a +2 cloak (worn)
Jewellery
 d - the ring of Ynounif {Ice *Corrode Str+6 Int+6}
   (You took it off a deep elf high priest on level 3 of the Elven Halls)

   [ring of ice]

   It enhances your ice magic.
   It affects your strength (+6).
   It affects your intelligence (+6).
   It makes you vulnerable to fire.
   It protects you from cold.
   It may corrode you when you take damage.
 f - the ring of Ephemeral Luck {rN+ Str+2 SInv Stlth-}
   (You found it on level 3 of the Crypt)

   [ring of positive energy]

   It affects your strength (+2).
   It protects you from negative energy.
   It lets you see invisible.
   It makes you less stealthy.
 g - the ring "Ysoytt" (right claw) {rF+ rC+ rN+ Stlth+}
   (You found it on level 3 of the Crypt)

   [ring of positive energy]

   It protects you from fire.
   It protects you from cold.
   It protects you from negative energy.
   It makes you more stealthy.
 l - an uncursed ring of resist corrosion
 m - the ring "Kuxkuir" {rElec rN+ MR+ Int+4}
   (You took it off an ancient champion on level 3 of the Crypt)

   [ring of positive energy]

   It affects your intelligence (+4).
   It insulates you from electricity.
   It protects you from negative energy.
   It affects your resistance to hostile enchantments.
 y - the ring of the Robin (left claw) {rPois rN+ MP+9 Int+6 Dex+4}
   (You found it on level 3 of the Snake Pit)

   [ring of intelligence]

   It affects your intelligence (+6).
   It affects your dexterity (+4).
   It protects you from poison.
   It protects you from negative energy.
   It affects your magic capacity (+9).
 E - a +4 ring of slaying
 G - the ring "Xanetusyis" {rPois rF+ rC- MP+9 EV+4}
   (You found it on level 13 of the Dungeon)

   [ring of evasion]

   It affects your evasion (+4).
   It protects you from fire.
   It makes you vulnerable to cold.
   It protects you from poison.
   It affects your magic capacity (+9).
 U - a +4 ring of slaying
 V - the ring of Compassion {Fire Str+2}
   (You found it on level 11 of the Dungeon)

   [ring of fire]

   It enhances your fire magic.
   It affects your strength (+2).
   It protects you from fire.
   It makes you vulnerable to cold.
 W - the amulet of Fesec (around neck) {Spirit Str+4 Slay+2}
   (You found it in a Gauntlet)

   [amulet of guardian spirit]

   It causes incoming damage to be split between your health and magic.
   It affects your strength (+4).
   It affects your accuracy and damage with ranged weapons and melee attacks
   (+2).
Wands
 u - a wand of digging (10)
 B - a wand of paralysis (46)
 Q - a wand of acid (26)
Scrolls
 b - 5 scrolls of fog
 h - 13 scrolls of remove curse
 k - 3 scrolls of immolation
 o - 9 scrolls of blinking
 x - a scroll of summoning
 C - 2 scrolls of holy word
 I - 7 scrolls of magic mapping
 K - 17 scrolls of teleportation
 O - a scroll of fear
 T - 21 scrolls of identify
Potions
 a - 8 potions of flight
 e - 9 potions of curing
 j - 7 potions of invisibility
 n - a potion of cancellation
 q - 3 potions of magic
 r - 3 potions of resistance
 w - 2 potions of ambrosia
 z - 7 potions of brilliance
 D - 5 potions of might
 L - 6 potions of heal wounds
 P - 5 potions of lignification
 Y - 14 potions of mutation
Miscellaneous
 i - a tin of tremorstones (3/3)
 p - a phantom mirror
 R - a box of beasts (3/3)


   Skills:
 * Level 16.7(16.6) Fighting
 - Level 3.0(2.9) Polearms
 * Level 13.1(13.0) Throwing
 - Level 20.0(19.9) Armour
 - Level 1.5(1.4) Dodging
 - Level 0.2(0.1) Stealth
 - Level 9.0(8.9) Shields
 - Level 21.7(21.6) Unarmed Combat
 - Level 6.9(6.8) Spellcasting
 - Level 2.8 Translocations
 - Level 10.0(9.9) Transmutations
 - Level 3.1(3.0) Earth Magic
 - Level 11.2(11.1) Invocations
 - Level 6.1(6.0) Evocations


You had 16 spell levels left.
You knew the following spells:

 Your Spells              Type           Power        Failure   Level
a - Beastly Appendage     Tmut           ######       1%          1
b - Wereblood             Tmut           ######..     1%          2
c - Blade Hands           Tmut           ######....   9%          5
d - Blink                 Tloc           N/A          9%          2
e - Passage of Golubria   Tloc           N/A          47%         4
f - Statue Form           Tmut/Erth      ######...    88%         6
g - Passwall              Tmut/Erth      ######..     1%          2

Your spell library contained the following spells:

 Spells                   Type           Power        Failure   Level
 Sting                    Tmut/Pois      ####         2%          1
 Apportation              Tloc           ####..       5%          1
 Spider Form              Tmut/Pois      #####.....   7%          3
 Petrify                  Tmut/Erth      ######..     12%         4
 Ignite Poison            Fire/Tmut/Pois ####....     13%         3
 Gell's Gravitas          Tloc           ####......   16%         3
 Lesser Beckoning         Tloc           ####......   16%         3
 Teleport Other           Tloc           ####....     16%         3
 Animate Skeleton         Necr           ##....       17%         1
 Corona                   Hex            ##.....      17%         1
 Foxfire                  Conj/Fire      ##..         17%         1
 Freeze                   Ice            ##..         17%         1
 Magic Dart               Conj           ##..         17%         1
 Pain                     Necr           ##..         17%         1
 Summon Small Mammal      Summ           ##..         17%         1
 Ice Form                 Ice/Tmut       #####...     22%         4
 Call Imp                 Summ           ##......     26%         2
 Corpse Rot               Necr/Air       N/A          26%         2
 Ensorcelled Hibernation  Hex/Ice        ##....       26%         2
 Poisonous Vapours        Pois/Air       ##....       26%         2
 Slow                     Hex            ##......     26%         2
 Sublimation of Blood     Necr           ##........   26%         2
 Swiftness                Air            ##......     26%         2
 Portal Projectile        Hex/Tloc       ###...       28%         3
 Hydra Form               Tmut           ######....   41%         6
 Call Canine Familiar     Summ           ##......     45%         3
 Confusing Touch          Hex            ##......     45%         3
 Conjure Flame            Conj/Fire      ##......     45%         3
 Dazzling Flash           Conj/Hex       ##....       45%         3
 Frozen Ramparts          Ice            ##....       45%         3
 Inner Flame              Hex/Fire       ##......     45%         3
 Mephitic Cloud           Conj/Pois/Air  ##......     45%         3
 Ozocubu's Armour         Ice            ##......     45%         3
 Static Discharge         Conj/Air       ##......     45%         3
 Summon Guardian Golem    Hex/Summ       ##......     45%         3
 Tukima's Dance           Hex            ##......     45%         3
 Vampiric Draining        Necr           ##........   45%         3
 Alistair's Intoxication  Tmut/Pois      #####....    54%         5
 Irradiate                Conj/Tmut      #####.....   54%         5
 Yara's Violent Unravell  Hex/Tmut       #####.....   54%         5
 Leda's Liquefaction      Hex/Erth       ###.......   65%         4
 Lee's Rapid Deconstruct  Erth           ####......   80%         5
 Animate Dead             Necr           ##........   86%         4
 Cause Fear               Hex            ##........   86%         4
 Dispel Undead            Necr           ##......     86%         4
 Fulminant Prism          Conj/Hex       ##........   86%         4
 Hailstorm                Conj/Ice       ##......     86%         4
 Olgreb's Toxic Radiance  Pois           ##......     86%         4
 Sticky Flame             Conj/Fire      ##......     86%         4
 Summon Ice Beast         Ice/Summ       ##......     86%         4
 Summon Lightning Spire   Summ/Air       ##......     86%         4
 Borgnjor's Vile Clutch   Necr/Erth      ###.......   94%         5
 Dragon Form              Tmut           ######....   94%         7
 Summon Forest            Summ/Tloc      ###.......   95%         5
 Bolt of Magma            Conj/Fire/Erth ###.......   97%         5
 Agony                    Necr           ##......     99%         5
 Excruciating Wounds      Necr           ##........   99%         5
 Fireball                 Conj/Fire      ##........   99%         5
 Lightning Bolt           Conj/Air       ##........   99%         5
 Metabolic Englaciation   Hex/Ice        ##........   99%         5
 Silence                  Hex/Air        ##........   99%         5
 Summon Mana Viper        Hex/Summ       ##......     99%         5
 Death Channel            Necr           ##........   100%        6
 Invisibility             Hex            ##......     100%        6
 Iron Shot                Conj/Erth      ###.......   100%        6
 Simulacrum               Ice/Necr       ##........   100%        6
 Spellforged Servitor     Conj/Summ      ##........   100%        7
 Discord                  Hex            ##........   100%        8
 Ignition                 Fire           ##........   100%        8
 Dragon's Call            Summ           ##........   100%        9
 Shatter                  Erth           ####......   100%        9
 Tornado                  Air            ##........   100%        9


Dungeon Overview and Level Annotations

Branches:
Dungeon (15/15)            Temple (0/1) D:4            Lair (6/6) D:10
  Swamp (4/4) Lair:3        Snake (4/4) Lair:4        Slime (0/5) Lair:5
    Orc (2/2) D:9             Elf (3/3) Orc:2        Vaults (4/5) D:14
  Crypt (3/3) Vaults:3       Tomb (0/3) Crypt:3      Depths (5/5) D:15
    Zot (0/5) Depths:5      IceCv (visited)          WizLab (visited)
Gauntlet (visited)

Altars:
Ashenzari
Cheibriados
Gozag
Kikubaaqudgha
Makhleb
Nemelex Xobeh
Ru
Uskayaw
Vehumet
Xom
Yredelemnul
The Shining One
Beogh

Shops:
D:5 *   D:9 [   D:13 ?   Orc:2 :}}:   Elf:3 ?**   Vaults:3 =   Depths:1 *
Depths:4 [

Portals:
Hell: Depths:1 Depths:2 Depths:3 Depths:4 Depths:5
Abyss: Depths:2 Depths:3 Depths:4 Depths:5
Pandemonium: Depths:3 Depths:4
Ziggurat: Depths:5

Annotations:
D:7 exclusion: downstairs
D:9 exclusion: 2 downstairs
D:11 4 runed translucent doors, exclusion: downstairs
Lair:2 exclusion: downstairs
Swamp:3 1 runed translucent door, Reagifox's ghost, journeyman GrBe
Snake:3 exclusion: 2 downstairs
Crypt:1 1 runed translucent door, Kullepif's ghost, legendary DETm
Depths:1 1 runed translucent door, Jeasch's ghost, adept DDFi
Depths:2 exclusion: downstairs
Depths:3 exclusion: downstairs
Depths:4 exclusion: 2 downstairs


Innate Abilities, Weirdness & Mutations

You are too large for most types of armour.
You have claws for hands.
Your natural rate of healing is unusually fast.
You are covered in fur. (AC +1)
You have extremely tough skin. (AC +3)
You have a pair of horns on your head.
You have razor-sharp toenails.
You are partially covered in iridescent scales. (AC +2)
You are partially covered in yellow scales. (AC +2)
You are somewhat resistant to further mutation.


Message History

Casting: Blade Hands (mildly dangerous; 9% risk of failure)
Confirm with . or Enter, or press ? or * to list all spells.
You grow a pair of large bovine horns.
Your feet morph into talons.
Your +2 hat melds into your body.
Something touches you but does no damage.
The titan hits you but does no damage.
Something touches you but does no damage.
You block the titan's attack.
Unknown command.
Quiver which item? (- for none, * to show all) (? for menu, Esc to quit)
Okay, then.
Quiver which item? (- for none, * to show all) (? for menu, Esc to quit)
Okay, then.
Casting: Beastly Appendage (safe; 1% risk of failure)
Confirm with . or Enter, or press ? or * to list all spells.
You fail to extend your transformation any further.
You hear some strange, mumbled words.
An iron shot appears from out of thin air!
The iron shot hits you!!!
You die...

#####'####### #..
####.......#### #..
#..####.####..# #..
#..[()#.#...).# #..
###.##(((.)##.### #..
#.#.###[()###.#.# ####'
#.#..###<###..#.###....
#.##.{#####..##.##.)###
#....[@# #......#..####
#.##.C#####..##.'))....
#.#..###.###..#.#)#....
#.#.###...###.#.#)##...
###.##.....##.###..####
#.....#.#.....###[.###
#..####.####..# ##)([.
####...)(..########(##
####)########)..(..


You could see a titan (empowered).

Vanquished Creatures
  Khufu (Crypt:3)
  3 ancient liches (Crypt:3)
  Boris (twice) (Vaults:4 Depths:2)
  Sojobo (Depths:5)
  Bai Suzhen (Vaults:3)
  Frederick (Vaults:4)
  Margery (Vaults:4)
  Xtahua (Crypt:3)
  4 golden dragons
  Jory (Depths:4)
  the Enchantress (Depths:1)
  A mutant beast (WizLab)
  8 liches
  A shard shrike zombie (Crypt:2)
  A tentacled monstrosity (Depths:2)
  Jorgrun (Snake:2)
  Rupert (Depths:3)
  A titan (Depths:2)
  Asterion (Depths:2)
  A deep elf master archer (Elf:3)
  4 deep elf blademasters (Elf:3)
  9 ancient champions
  3 sphinxes
  3 thorn hunters
  3 storm dragons
  Frances (Elf:1)
  2 shadow dragons (Vaults:4)
  2 revenants
  Donald (Vaults:1)
  5 tengu reavers
  A draconian monk (Depths:5)
  7 nagarajas
  14 fire giants
  7 deep elf sorcerers
  3 frost giants
  13 vault wardens
  Aizul (Vaults:1)
  3 curse skulls
  2 balrugs
  4 deep elf elementalists (Elf:3)
  12 ironheart preservers
  14 very ugly things
  A reaper (Crypt:2)
  17 stone giants
  A draconian annihilator (Depths:5)
  7 spriggan defenders
  3 entropy weavers
  2 green draconians (Depths:5)
  6 deep elf demonologists
  9 vampire knights
  A purple draconian (Depths:5)
  A black draconian (Depths:5)
  7 spark wasps
  6 deep elf annihilators
  A merfolk javelineer (Depths:3)
  A white draconian (Depths:5)
  A minotaur (Gauntlet)
  A red draconian (Depths:5)
  A yellow draconian (Depths:5)
  9 ettins
  2 eidola
  A blizzard demon (IceCv)
  2 quicksilver dragon zombies
  9 jiangshi
  A green death (Gauntlet)
  11 fire dragons
  A kraken zombie (Crypt:1)
  7 deep elf death magi
  The ghost of melvinkitnick the Arsonist, a journeyman DEFE of Gozag (D:13)
  8 great orbs of eyes
  7 deep elf high priests (Elf:3)
  8 rakshasas
  18 ogre magi
  12 yaktaur captains
  Josephine (Lair:4)
  12 ice dragons
  41 vault guards
  3 shambling mangroves
  2 catoblepae
  19 naga warriors
  18 hydras
  8 spriggan air magi
  13 anacondas
  67 two-headed ogres
  8 centaur warriors
  9 dancing weapons
  6 vampire magi
  A two-headed ogre (shapeshifter) (Depths:5)
  A queen ant (shapeshifter) (WizLab)
  12 tengu warriors
  8 deep troll earth magi
  6 death knights
  A deep troll shaman (Depths:2)
  11 alligators
  7 death yaks (Lair:5)
  9 orc high priests
  7 spriggan berserkers
  14 naga sharpshooters
  19 deep elf knights
  12 hell knights
  A soul eater (Abyss:2)
  2 sun demons (Depths:1)
  7 shock serpents
  6 shadow wraiths
  An iron golem (WizLab)
  2 storm dragon skeletons
  8 salamander mystics
  A titan skeleton (Crypt:3)
  18 deep trolls
  31 skeletal warriors
  6 flayed ghosts
  9 swamp dragons
  8 large abominations
  An unseen horror (shapeshifter) (Elf:1)
  3 sea snakes (Snake:1)
  A spriggan druid (Swamp:2)
  A glowing orange brain (Vaults:2)
  5 wizards
  22 deep elf archers
  4 unseen horrors
  13 ironbrand convokers
  5 phantasmal warriors
  7 naga ritualists
  An anaconda skeleton (Crypt:2)
  A lindwurm (Lair:6)
  2 golden dragon skeletons
  10 necromancers
  An iron dragon zombie (Crypt:3)
  12 mana vipers
  11 orc knights
  43 deep elf magi
  41 ugly things
  3 wolf spiders
  3 salamanders (shapeshifter)
  4 orc sorcerers
  An orb spider (shapeshifter) (Vaults:1)
  A wolf spider zombie (D:15)
  4 oklob plants
  10 cyclopes
  A fire giant zombie (Crypt:1)
  4 elephants (Lair:4)
  2 centaur zombies
  A torpor snail (Lair:5)
  17 salamanders
  15 vault sentinels
  2 guardian serpents (shapeshifter)
  A manticore (D:14)
  19 naga magi
  2 ice statues (IceCv)
  2 molten gargoyles (Lair:6)
  A frost giant skeleton (Crypt:1)
  4 human skeletons
  31 black mambas
  4 titan simulacra (Crypt:1)
  4 guardian serpents
  An elephant (shapeshifter) (Depths:3)
  A black mamba (shapeshifter) (Vaults:3)
  18 cane toads
  A storm dragon simulacrum (Crypt:1)
  5 orange demons
  3 gargoyles
  3 rime drakes
  A yaktaur zombie (Vaults:4)
  A kobold demonologist (D:11)
  53 yaktaurs
  A minotaur skeleton (Crypt:1)
  A golden dragon simulacrum (Crypt:1)
  A komodo dragon (shapeshifter) (Depths:2)
  12 komodo dragons
  22 freezing wraiths
  A hellwing (Depths:4)
  An anaconda simulacrum (Crypt:1)
  13 ice devils (IceCv)
  A hydra zombie (Crypt:2)
  5 guardian mummies (Crypt:3)
  A ghost moth simulacrum (Crypt:1)
  11 trolls
  4 tengu conjurers
  A jumping spider (shapeshifter) (Depths:2)
  A queen bee (shapeshifter) (Elf:1)
  A merfolk (shapeshifter) (Depths:3)
  3 meliai (shapeshifter)
  A queen ant zombie (Crypt:2)
  A polar bear (Lair:6)
  41 slime creatures
  17 hornets
  Prince Ribbit (D:5)
  3 shadow dragon simulacra (Crypt:1)
  A death drake skeleton (Crypt:2)
  A meliai zombie (Crypt:1)
  A dream sheep (shapeshifter) (Depths:4)
  7 bog bodies
  4 tyrant leeches
  16 blink frogs
  4 dream sheep (Lair:5)
  A hippogriff (shapeshifter) (Vaults:1)
  2 shadows (Swamp:1)
  3 fire giant simulacra
  3 frost giant simulacra
  14 hippogriffs
  3 air elementals
  5 redbacks
  An alligator skeleton (Crypt:3)
  13 spriggans
  A flying skull (Crypt:3)
  5 wyverns
  A spriggan (shapeshifter) (Vaults:3)
  A fire dragon skeleton (Crypt:3)
  A tarantella (Vaults:2)
  36 yaks
  8 water elementals
  29 wraiths
  8 basilisks
  2 ettin skeletons
  A satyr skeleton (Crypt:1)
  A black mamba skeleton (Crypt:3)
  2 vampires
  A fire elemental (Elf:3)
  A yak (shapeshifter) (Elf:3)
  23 vampire mosquitoes
  A tyrant leech zombie (Crypt:3)
  2 chaos spawn
  A steam dragon (Lair:6)
  A hog (shapeshifter) (Vaults:2)
  A catoblepas simulacrum (Crypt:1)
  25 swamp worms
  65 nagas
  5 wargs
  A glowing shapeshifter zombie (Crypt:3)
  26 insubstantial wisps
  2 hydra simulacra (Crypt:1)
  2 acid dragons
  19 water moccasins
  5 hell hounds (Lair:6)
  A floating eye (Depths:4)
  10 porcupines
  A cane toad skeleton (Crypt:1)
  2 deep troll skeletons
  An eye of draining (shapeshifter) (WizLab)
  5 ice beasts
  A sky beast (shapeshifter) (Depths:2)
  9 small abominations
  12 swamp drakes
  6 phantoms
  5 eyes of draining
  3 ettin simulacra
  30 orc warriors
  16 boggarts
  43 ogres
  2 black bears
  2 ice dragon simulacra (Crypt:1)
  2 necrophages
  A fire dragon simulacrum (Crypt:1)
  4 sky beasts
  23 wolves
  23 centaurs
  A wolf (shapeshifter) (Depths:3)
  A centaur (shapeshifter) (WizLab)
  2 snapping turtle skeletons
  A swamp dragon skeleton (Crypt:3)
  17 crocodiles
  A rime drake skeleton (Crypt:1)
  4 big kobolds
  4 earth elementals
  17 bullfrogs
  2 gnoll sergeants (D:9)
  A wyvern zombie (D:9)
  8 scorpions
  2 wyvern skeletons
  A manticore simulacrum (Crypt:1)
  10 killer bees
  A snapping turtle simulacrum (Crypt:1)
  15 wights
  3 electric eels
  11 howler monkeys
  3 hounds
  5 lava snakes (Lair:6)
  A quasit (Depths:4)
  40 orc priests
  4 centaur skeletons
  5 iron imps
  3 jellies
  6 bullfrog skeletons
  Terence (D:2)
  A basilisk skeleton (Crypt:1)
  3 iguanas
  9 worker ants
  20 orc wizards
  A killer bee zombie (D:7)
  A dwarf skeleton (Crypt:3)
  2 hound zombies
  4 hound skeletons
  11 mummies
  6 worker ant zombies
  12 gnolls
  17 adders
  An ogre simulacrum (Crypt:1)
  4 shadow imps
  16 white imps
  10 ufetubi
  An ooze (D:4)
  A worm zombie (Crypt:3)
  An adder skeleton (D:4)
  2 worms
  A dart slug (D:4)
  5 leopard geckos
  109 orcs
  A ball python (D:7)
  5 giant cockroaches
  3 goblins
  2 hobgoblins (D:2)
  8 jackals
  19 kobolds
  3 quokkas
  A ball python zombie (Crypt:2)
  3 bats
  4 frilled lizards
  A frilled lizard skeleton (Crypt:3)
  A hobgoblin skeleton (Crypt:1)
  A hobgoblin zombie (Crypt:1)
  A jackal skeleton (D:4)
  A leopard gecko zombie (D:5)
  2 quokka skeletons
  5 rats
  A rat skeleton (Crypt:1)
  A briar patch (Swamp:2)
  A crawling corpse (Elf:3)
  A tentacle (Crypt:1)
2307 creatures vanquished.

Vanquished Creatures (others)
  A deep elf high priest (Elf:3)
  A necromancer (Depths:5)
  A water elemental (Elf:3)
  A swamp drake (Swamp:4)
  A boggart (Vaults:3)
  5 white imps (IceCv)
  An ufetubus (IceCv)
  3 briar patches (Swamp:2)
  22 fungi
  45 plants
  6 tentacles (Crypt:1)
  9 withered plants (D:9)
96 creatures vanquished.

Grand Total: 2403 creatures vanquished

Notes
Turn   | Place    | Note
-------+----------+-------------------------------------------
     0 | D:1      | fuzzi the Troll Transmuter began the quest for the Orb.
     0 | D:1      | Reached XP level 1. HP: 18/18 MP: 1/1
   484 | D:1      | Reached XP level 2. HP: 26/26 MP: 2/2
   489 | D:1      | Learned a level 2 spell: Wereblood
   763 | D:2      | Noticed Terence
   789 | D:2      | Killed Terence
   789 | D:2      | Reached XP level 3. HP: 23/32 MP: 1/4
  1294 | D:2      | Found an opulent altar of Gozag.
  1294 | D:2      | Found a shattered altar of Ashenzari.
  1447 | D:2      | Found a hide-covered altar of Uskayaw.
  1509 | D:2      | Reached XP level 4. HP: 40/40 MP: 3/5
  1562 | D:2      | Reached skill level 4 in Unarmed Combat
  1678 | D:2      | Became a worshipper of Uskayaw the Reveler
  1762 | D:3      | Reached skill level 1 in Fighting
  1762 | D:3      | Reached * piety under Uskayaw
  2544 | D:4      | Reached ** piety under Uskayaw
  2546 | D:4      | Reached *** piety under Uskayaw
  2652 | D:4      | Reached XP level 5. HP: 40/48 MP: 6/6
  2935 | D:4      | Found a staircase to the Ecumenical Temple.
  2969 | D:4      | Noticed an ogre
  2982 | D:4      | Reached **** piety under Uskayaw
  2984 | D:4      | Killed an ogre
  2984 | D:4      | Reached XP level 6. HP: 53/57 MP: 5/8
  3019 | D:4      | Reached skill level 5 in Unarmed Combat
  3065 | D:4      | Found a glowing golden altar of the Shining One.
  3405 | D:5      | Entered Level 5 of the Dungeon
  3430 | D:5      | Noticed Prince Ribbit
  3451 | D:5      | Killed Prince Ribbit
  3451 | D:5      | Reached XP level 7. HP: 66/66 MP: 5/9
  3463 | D:5      | Reached skill level 6 in Unarmed Combat
  3558 | D:5      | Found Gacac's General Store.
  3830 | D:5      | Bought a wand of iceblast (8) for 144 gold pieces
  4501 | D:6      | Reached XP level 8. HP: 66/75 MP: 8/11
  4552 | D:6      | Learned a level 5 spell: Blade Hands
  5452 | D:7      | Reached skill level 7 in Unarmed Combat
  5749 | D:7      | Noticed a troll
  5760 | D:7      | Reached XP level 9. HP: 61/84 MP: 13/13
  5901 | D:7      | Reached skill level 8 in Unarmed Combat
  6421 | D:7      | Reached ***** piety under Uskayaw
  6435 | D:7      | Reached skill level 1 in Throwing
  6551 | D:7      | Found a snail-covered altar of Cheibriados.
  6722 | D:7      | Found a burning altar of Makhleb.
  6886 | D:8      | Noticed a two-headed ogre
  6907 | D:8      | Killed a two-headed ogre
  6907 | D:8      | Reached skill level 5 in Fighting
  6907 | D:8      | Reached skill level 9 in Unarmed Combat
  6907 | D:8      | Reached skill level 5 in Transmutations
  7189 | D:8      | Reached XP level 10. HP: 90/96 MP: 15/15
  7257 | D:8      | Noticed a tengu warrior
  8506 | D:9      | Noticed a two-headed ogre
  8517 | D:9      | Killed a two-headed ogre
  8517 | D:9      | Reached skill level 10 in Unarmed Combat
  8517 | D:9      | Reached skill level 5 in Spellcasting
  8694 | D:9      | Reached skill level 1 in Invocations
  8775 | D:9      | Found a staircase to the Orcish Mines.
  8782 | D:9      | Found Syjul's Armour Shop.
  9493 | D:9      | Reached skill level 11 in Unarmed Combat
 10014 | D:10     | Entered Level 10 of the Dungeon
 10036 | D:10     | Reached XP level 11. HP: 105/105 MP: 17/17
 10040 | D:10     | Noticed a tengu warrior
 10040 | D:10     | Noticed a centaur warrior
 10068 | D:10     | Killed a centaur warrior
 10525 | D:9      | Reached skill level 1 in Shields
 10854 | D:10     | Found a staircase to the Lair.
 11410 | D:10     | Noticed a green ugly thing
 11415 | D:10     | Killed a green ugly thing
 11419 | D:10     | Reached ****** piety under Uskayaw
 11774 | D:10     | Reached skill level 12 in Unarmed Combat
 12236 | D:10     | Killed a tengu warrior
 12479 | D:11     | Noticed a two-headed ogre
 12492 | D:11     | Killed a two-headed ogre
 12836 | D:11     | Reached XP level 12. HP: 108/118 MP: 15/18
 12900 | D:11     | Found a large runed translucent door.
 12901 | D:11     | Found a large runed translucent door.
 13645 | D:11     | Reached skill level 5 in Shields
 13801 | D:11     | Found a large runed translucent door.
 13801 | D:11     | Found a large runed translucent door.
 13802 | D:11     | Noticed an emperor scorpion
 13831 | D:11     | Noticed a death yak
 13979 | D:11     | Noticed a centaur warrior
 13983 | D:11     | Killed a centaur warrior
 14035 | D:11     | Noticed a two-headed ogre
 14207 | D:11     | Noticed a four-headed hydra
 14216 | D:11     | Killed a four-headed hydra
 14271 | D:11     | Got a warped bronze ring
 14279 | D:11     | Identified the ring of Compassion {Fire Str+2} (You found
                  | it on level 11 of the Dungeon)
 14298 | D:11     | Noticed an anaconda
 14305 | D:11     | an anaconda changed into a tyrant leech
 14582 | D:12     | Reached skill level 1 in Armour
 14582 | D:12     | Reached skill level 5 in Invocations
 14659 | D:12     | Noticed a two-headed ogre
 14666 | D:12     | Killed a two-headed ogre
 14876 | D:12     | Noticed a two-headed ogre
 14885 | D:12     | Killed a two-headed ogre
 15599 | D:12     | Reached XP level 13. HP: 99/127 MP: 19/19
 15851 | D:13     | Reached skill level 5 in Throwing
 15879 | D:13     | Found a gate leading to a gauntlet.
 15912 | Gauntlet | Entered a Gauntlet
 15912 | Gauntlet | Found a transporter.
 16078 | Gauntlet | Found a transporter.
 16093 | Gauntlet | Found a transporter.
 16094 | Gauntlet | Found a transporter.
 16104 | Gauntlet | Found a transporter.
 16121 | Gauntlet | Found a transporter.
 16128 | Gauntlet | Identified the ring "Xuceekos" {rPois rC+ Str+2 SInv}
 16137 | Gauntlet | Found a transporter.
 16156 | Gauntlet | Found a transporter.
 16160 | Gauntlet | Found a transporter.
 16166 | Gauntlet | Noticed a blizzard demon
 16168 | Gauntlet | Found a transporter.
 16189 | Gauntlet | Found a transporter.
 16193 | Gauntlet | Found a transporter.
 16223 | Gauntlet | Noticed a green death
 16427 | Gauntlet | Killed a green death
 16440 | Gauntlet | Got a heavily runed iron amulet
 16500 | Gauntlet | Identified the amulet of Fesec {Spirit Str+4 Slay+2} (You
                  | found it in a Gauntlet)
 16659 | Gauntlet | Identified the +6 scale mail of Forking Paths {Int+4 SInv}
 16659 | Gauntlet | Identified the ring of the Tuna {Str+6 Stlth+}
 16659 | Gauntlet | Noticed a minotaur
 16674 | Gauntlet | Killed a minotaur
 16674 | Gauntlet | Reached skill level 1 in Evocations
 16780 | Gauntlet | Got a fine brass ring
 16782 | Gauntlet | Identified the ring of the Distant Future {Ice *Slow Int+4}
                  | (You found it in a Gauntlet)
 16881 | D:13     | Found a transporter.
 17140 | D:13     | Reached skill level 5 in Armour
 17330 | D:13     | Noticed melvinkitnick's ghost (journeyman DEFE)
 17830 | D:13     | Reached skill level 1 in Polearms
 19458 | D:14     | Reached XP level 14. HP: 96/140 MP: 18/20
 19631 | D:14     | Found a gate to the Vaults.
 20087 | D:14     | Reached skill level 13 in Unarmed Combat
 20251 | D:15     | Entered Level 15 of the Dungeon
 20528 | D:15     | Found a staircase to the Depths.
 20586 | D:15     | Reached XP level 15. HP: 148/148 MP: 21/21
 20587 | D:15     | Reached XP level 16. HP: 158/158 MP: 22/22
 20654 | D:15     | Got a masterwork hand axe
 20655 | D:15     | Identified the +5 hand axe of Luxury {holy, Int+2} (You
                  | found it on level 15 of the Dungeon)
 20745 | D:15     | Found a shimmering altar of Xom.
 20860 | D:15     | Found an opulent altar of Gozag.
 21104 | Lair:1   | Entered Level 1 of the Lair of Beasts
 21322 | Lair:1   | Reached skill level 10 in Fighting
 22115 | Lair:2   | Identified a scroll of acquirement
 22115 | Lair:2   | Acquired 1660 gold pieces
 23359 | Lair:3   | Found a staircase to the Swamp.
 23729 | Lair:4   | Found a staircase to the Snake Pit.
 23840 | Lair:4   | Noticed Josephine
 23851 | Lair:4   | Killed Josephine
 23851 | Lair:4   | Reached skill level 5 in Evocations
 24801 | Lair:5   | Reached skill level 14 in Unarmed Combat
 25069 | Lair:5   | Found a staircase to the Slime Pits.
 25723 | Lair:6   | Entered Level 6 of the Lair of Beasts
 25804 | Lair:6   | Reached XP level 17. HP: 89/167 MP: 16/23
 27035 | Lair:6   | Found a large runed translucent door.
 27036 | Lair:6   | Found a large runed translucent door.
 27692 | Orc:1    | Entered Level 1 of the Orcish Mines
 28328 | Orc:2    | Entered Level 2 of the Orcish Mines
 28527 | Orc:2    | Found a staircase to the Elven Halls.
 28659 | Orc:2    | Paralysed by an orc sorcerer for 2 turns
 28837 | Orc:2    | Gained mutation: You are weak. (Str -2) [a neqoxec]
 28857 | Orc:2    | Found a roughly hewn altar of Beogh.
 28944 | Orc:2    | Found Guonuipn's Book Emporium.
 28944 | Orc:2    | Found Kuthru's Gadget Boutique.
 29187 | Orc:2    | Found Gicsits's Gadget Emporium.
 29187 | Orc:2    | Found Wyten's Book Boutique.
 29556 | Orc:2    | Bought a book of Minor Magic for 240 gold pieces
 29559 | Orc:2    | Learned a level 2 spell: Blink
 29832 | Snake:1  | Entered Level 1 of the Snake Pit
 30564 | Snake:1  | Reached skill level 1 in Translocations
 30766 | Snake:1  | Reached skill level 15 in Unarmed Combat
 31861 | Snake:2  | Noticed Jorgrun
 31872 | Snake:2  | Killed Jorgrun
 33932 | Snake:3  | Reached XP level 18. HP: 179/179 MP: 25/25
 33981 | Snake:3  | Found a transporter.
 34253 | Snake:3  | Found a transporter.
 34285 | Snake:3  | Lost mutation: You are weak. (Str -2) [potion of mutation]
 34285 | Snake:3  | Gained mutation: You are agile. (Dex +2) [potion of
                  | mutation]
 34285 | Snake:3  | Gained mutation: You have a pair of small horns on your
                  | head. [potion of mutation]
 34285 | Snake:3  | Lost mutation: You are agile. (Dex +2) [potion of mutation]
 34285 | Snake:3  | Gained mutation: You possess an exceptional clarity of
                  | mind. [potion of mutation]
 34333 | Snake:3  | Gained mutation: You are frail. (-10% HP) [mutagenic glow]
 34351 | Snake:3  | Gained mutation: Potions are less effective at restoring
                  | your health. [mutagenic glow]
 34360 | Snake:3  | Gained mutation: You are clumsy. (Dex -2) [mutagenic glow]
 34373 | Snake:3  | Gained mutation: You occasionally shout uncontrollably at
                  | your foes. [mutagenic glow]
 34389 | Snake:3  | Gained mutation: You sometimes yell uncontrollably at your
                  | foes. [mutagenic glow]
 34408 | Snake:3  | Gained mutation: You are weak. (Str -2) [mutagenic glow]
 34422 | Snake:3  | Gained mutation: Armour fits poorly on your strangely
                  | shaped body. [mutagenic glow]
 34431 | Snake:3  | Lost mutation: You possess an exceptional clarity of mind.
                  | [mutagenic glow]
 34515 | Snake:3  | Got a vibrating wooden ring
 34525 | Snake:3  | Got a vibrating iron ring
 34526 | Snake:3  | Identified the ring "Req Lake" {Wiz rElec Stlth+} (You
                  | found it on level 3 of the Snake Pit)
 34527 | Snake:3  | Identified the ring of the Robin {rPois rN+ MP+9 Int+6
                  | Dex+4} (You found it on level 3 of the Snake Pit)
 34570 | Snake:3  | Lost mutation: You sometimes yell uncontrollably at your
                  | foes. [potion of mutation]
 34570 | Snake:3  | Lost mutation: You have a pair of small horns on your head.
                  | [potion of mutation]
 34570 | Snake:3  | Lost mutation: Armour fits poorly on your strangely shaped
                  | body. [potion of mutation]
 34570 | Snake:3  | Gained mutation: Your mind is acute. (Int +2) [potion of
                  | mutation]
 34570 | Snake:3  | Gained mutation: You have a pair of small antennae on your
                  | head. [potion of mutation]
 34570 | Snake:3  | Lost mutation: You are clumsy. (Dex -2) [potion of
                  | mutation]
 34571 | Snake:3  | Lost mutation: You are frail. (-10% HP) [potion of
                  | mutation]
 34571 | Snake:3  | Lost mutation: You occasionally shout uncontrollably at
                  | your foes. [potion of mutation]
 34571 | Snake:3  | Gained mutation: You are robust. (+10% HP) [potion of
                  | mutation]
 34571 | Snake:3  | Gained mutation: You expend magic power (3 MP) to
                  | strengthen your wands. [potion of mutation]
 34571 | Snake:3  | Gained mutation: Your mind is very acute. (Int +4) [potion
                  | of mutation]
 34572 | Snake:3  | Lost mutation: You have a pair of small antennae on your
                  | head. [potion of mutation]
 34572 | Snake:3  | Lost mutation: Your mind is very acute. (Int +4) [potion of
                  | mutation]
 34572 | Snake:3  | Gained mutation: You tend to lose your temper in combat.
                  | [potion of mutation]
 34572 | Snake:3  | Gained mutation: You are somewhat resistant to further
                  | mutation. [potion of mutation]
 34676 | Snake:4  | Entered Level 4 of the Snake Pit
 35393 | Snake:3  | Acquired the ring "Hextyunk" {rC+ Int+4}
 35483 | Snake:4  | Reached skill level 10 in Armour
 35802 | Snake:4  | Lost mutation: You are weak. (Str -2) [potion of mutation]
 35802 | Snake:4  | Lost mutation: You are robust. (+10% HP) [potion of
                  | mutation]
 35802 | Snake:4  | Lost mutation: Your mind is acute. (Int +2) [potion of
                  | mutation]
 37254 | Snake:4  | Reached skill level 16 in Unarmed Combat
 38211 | Snake:4  | Got a serpentine rune of Zot
 38334 | Snake:4  | Learned a level 4 spell: Passage of Golubria
 38683 | Vaults:1 | Entered Level 1 of the Vaults
 38683 | Vaults:1 | Noticed Aizul
 38703 | Vaults:1 | Killed Aizul
 39129 | Vaults:1 | Reached XP level 19. HP: 128/187 MP: 19/27
 39653 | Vaults:1 | Noticed Donald
 39664 | Vaults:1 | Killed Donald
 41496 | Orc:2    | Bought a book of Transfigurations for 770 gold pieces
 41503 | Orc:2    | Learned a level 6 spell: Statue Form
 41821 | Vaults:2 | Paralysed by a wizard for 4 turns
 41942 | Vaults:2 | Reached skill level 1 in Earth Magic
 42084 | Vaults:2 | Reached skill level 17 in Unarmed Combat
 42823 | Vaults:2 | Acquired the ring "Zosuatodo" {rPois Str+6 Int-4 Stlth+}
 43782 | Vaults:2 | Noticed a golden dragon
 43798 | Vaults:2 | Reached XP level 20. HP: 180/198 MP: 27/28
 43802 | Vaults:2 | Killed a golden dragon
 46689 | Vaults:3 | Reached skill level 18 in Unarmed Combat
 47260 | Vaults:3 | Found Nofretruecw's Jewellery Emporium.
 47316 | Vaults:3 | Found a staircase to the Crypt.
 47316 | Vaults:3 | Found an ancient bone altar of Kikubaaqudgha.
 47317 | Vaults:3 | Found a basalt altar of Yredelemnul.
 48144 | Vaults:4 | Noticed Bai Suzhen
 48275 | Vaults:3 | Killed Bai Suzhen
 49015 | Vaults:4 | Paralysed by a great orb of eyes for 2 turns
 49092 | Vaults:4 | Noticed Frederick
 49101 | Vaults:4 | Reached XP level 21. HP: 95/210 MP: 12/29
 49107 | Vaults:4 | Killed Frederick
 49512 | Vaults:4 | Noticed Boris
 49526 | Vaults:4 | Killed Boris
 50053 | Vaults:4 | HP: 5/211 [orc knight/+1 vorpal great mace (32)]
 50570 | Vaults:4 | Noticed Margery
 50582 | Vaults:4 | Killed Margery
 51222 | Elf:1    | Entered Level 1 of the Elven Halls
 51243 | Elf:1    | Reached skill level 15 in Armour
 51571 | Elf:1    | Noticed Frances
 51578 | Elf:1    | Killed Frances
 52242 | Elf:2    | Found a runed translucent gate.
 52242 | Elf:2    | Found a runed translucent gate.
 52242 | Elf:2    | Found a runed translucent gate.
 52413 | Elf:3    | Entered Level 3 of the Elven Halls
 52519 | Elf:3    | Found Paderut's Magic Scroll Boutique.
 52522 | Elf:3    | Bought a scroll of fear for 59 gold pieces
 52522 | Elf:3    | Bought a scroll of teleportation for 51 gold pieces
 52522 | Elf:3    | Bought a scroll of fear for 59 gold pieces
 53694 | D:7      | Fell from the grace of Uskayaw
 53694 | D:7      | Became a worshipper of Cheibriados the Contemplative
 53965 | Elf:3    | Found Irinkupu's Assorted Antiques.
 54029 | Elf:3    | Reached XP level 22. HP: 223/223 MP: 23/30
 54126 | Elf:3    | Identified the +4 battleaxe "Ijeq" {flame, *Rage rN++
                  | Int+6}
 54665 | Elf:3    | Reached * piety under Cheibriados
 54944 | Elf:3    | Cast into level 2 of the Abyss (a deep elf sorcerer)
 54950 | Abyss:2  | Paralysed by a lich for 2 turns
 55065 | Elf:3    | Escaped the Abyss
 55146 | Elf:3    | Reached skill level 10 in Throwing
 55166 | Elf:3    | Identified the amulet of Palavvac {Faith Int+6 Dex+5}
 55189 | Elf:3    | Reached ** piety under Cheibriados
 55507 | Elf:3    | Bought a scroll of blinking for 262 gold pieces
 55565 | Elf:3    | Identified the +5 dagger of Severance {freeze, MR+ Dex+2}
 55693 | Elf:3    | Identified the ring of Ynounif {Ice *Corrode Str+6 Int+6}
 55749 | Elf:3    | Identified the +7 flail of Compound Interest {flame, *Drain
                  | rElec Dex+4 SInv}
 55951 | Elf:3    | Found Epirofra's Assorted Antiques.
 55959 | Elf:3    | Bought a scroll of teleportation for 84 gold pieces
 55959 | Elf:3    | Bought a potion of ambrosia for 224 gold pieces
 55959 | Elf:3    | Bought a potion of might for 112 gold pieces
 56105 | Elf:3    | Bought a potion of might for 112 gold pieces
 56376 | Depths:1 | Entered Level 1 of the Depths
 56473 | Depths:1 | Found a magical portal.
 56497 | WizLab   | Entered Cigotuvi's Fleshworks
 56751 | WizLab   | Reached *** piety under Cheibriados
 56787 | WizLab   | Identified Cigotuvi's Papyrus of Transformation
 56794 | WizLab   | Learned a level 2 spell: Passwall
 56890 | WizLab   | Lost mutation: You tend to lose your temper in combat.
                  | [potion of mutation]
 56890 | WizLab   | Lost mutation: You expend magic power (3 MP) to strengthen
                  | your wands. [potion of mutation]
 56890 | WizLab   | Gained mutation: You are partially covered in yellow
                  | scales. (AC +2) [potion of mutation]
 56890 | WizLab   | Gained mutation: Your movements are slightly less
                  | encumbered by armour. (ER -2) [potion of mutation]
 56891 | WizLab   | Lost mutation: You are somewhat resistant to further
                  | mutation. [potion of mutation]
 56891 | WizLab   | Lost mutation: Your movements are slightly less encumbered
                  | by armour. (ER -2) [potion of mutation]
 56891 | WizLab   | Gained mutation: You have a pair of small antennae on your
                  | head. [potion of mutation]
 56891 | WizLab   | Gained mutation: You expend magic power (3 MP) to
                  | strengthen your wands. [potion of mutation]
 56891 | WizLab   | Gained mutation: Your body sometimes deteriorates upon
                  | taking damage. [potion of mutation]
 56891 | WizLab   | Gained mutation: Your mind is acute. (Int +2) [potion of
                  | mutation]
 56892 | WizLab   | Lost mutation: You expend magic power (3 MP) to strengthen
                  | your wands. [potion of mutation]
 56892 | WizLab   | Lost mutation: Your body sometimes deteriorates upon taking
                  | damage. [potion of mutation]
 56892 | WizLab   | Lost mutation: Your mind is acute. (Int +2) [potion of
                  | mutation]
 56892 | WizLab   | Gained mutation: Your spells are a little easier to cast,
                  | but a little less powerful. [potion of mutation]
 56892 | WizLab   | Gained mutation: You are resistant to hostile enchantments.
                  | (MR+) [potion of mutation]
 56893 | WizLab   | Lost mutation: You are resistant to hostile enchantments.
                  | (MR+) [potion of mutation]
 56893 | WizLab   | Lost mutation: Your spells are a little easier to cast, but
                  | a little less powerful. [potion of mutation]
 56893 | WizLab   | Gained mutation: You are partially covered in iridescent
                  | scales. (AC +2) [potion of mutation]
 56893 | WizLab   | Gained mutation: You are somewhat resistant to further
                  | mutation. [potion of mutation]
 56894 | WizLab   | Lost mutation: Potions are less effective at restoring your
                  | health. [potion of mutation]
 56894 | WizLab   | Lost mutation: You have a pair of small antennae on your
                  | head. [potion of mutation]
 57005 | Depths:1 | Found a runed translucent door.
 57005 | Depths:1 | Noticed Jeasch's ghost (adept DDFi)
 57055 | Depths:1 | Found Buqische's Island Escapes.
 57064 | Depths:1 | Bought a scroll of blinking for 112 gold pieces
 57064 | Depths:1 | Bought a potion of invisibility for 120 gold pieces
 57064 | Depths:1 | Bought a scroll of teleportation for 45 gold pieces
 57633 | Depths:1 | Found a gateway to Hell.
 57849 | Depths:1 | Noticed the Enchantress
 57863 | Depths:1 | Reached **** piety under Cheibriados
 57889 | Depths:1 | Killed the Enchantress
 58051 | Depths:1 | Was forgiven by Uskayaw
 58993 | Depths:2 | Noticed Boris
 59003 | Depths:2 | Killed Boris
 59190 | Depths:2 | Reached XP level 23. HP: 217/232 MP: 19/31
 59298 | Depths:2 | Reached ***** piety under Cheibriados
 59628 | Depths:2 | Found a shattered altar of Ashenzari.
 59643 | Depths:2 | Noticed Asterion
 59653 | Depths:2 | Killed Asterion
 60030 | Depths:2 | Found a portal to a secret trove of treasure.
 60335 | D:5      | Bought a scroll of fear for 42 gold pieces
 60543 | Elf:3    | Bought a scroll of fear for 59 gold pieces
 60934 | Depths:2 | Identified the Handbook of Creative Confrontation
 60991 | Depths:2 | Found a one-way gate to the infinite horrors of the Abyss.
 61188 | Depths:2 | Found a basalt altar of Yredelemnul.
 61360 | Depths:2 | Found a radiant altar of Vehumet.
 61542 | Depths:2 | Found a sparkling altar of Nemelex Xobeh.
 61637 | Depths:2 | Reached skill level 19 in Unarmed Combat
 61704 | Depths:2 | Found a sacrificial altar of Ru.
 62397 | Depths:3 | Noticed Rupert
 62403 | Depths:3 | Killed Rupert
 62412 | Depths:3 | Reached ****** piety under Cheibriados
 63096 | Depths:3 | Reached skill level 15 in Fighting
 63404 | Depths:3 | Found a one-way gate leading to the halls of Pandemonium.
 63660 | Depths:3 | Acquired 1270 gold pieces
 63691 | Depths:4 | Found Milag's Antique Armour Boutique.
 63954 | Depths:4 | Acquired 390 gold pieces
 64174 | Depths:4 | Noticed Jory
 64181 | Depths:4 | Killed Jory
 64779 | Depths:4 | Reached XP level 24. HP: 244/244 MP: 27/31
 64825 | Depths:4 | Paralysed by a floating eye for 4 turns
 66316 | Elf:3    | Bought a scroll of brand weapon for 340 gold pieces
 66690 | Depths:5 | Entered Level 5 of the Depths
 67188 | Depths:5 | Reached skill level 20 in Unarmed Combat
 67790 | Depths:5 | Noticed Sojobo
 67809 | Depths:5 | Killed Sojobo
 68062 | Depths:5 | Found a gate to the Realm of Zot.
 68331 | Depths:5 | Found a gateway to a ziggurat.
 68994 | Depths:5 | Paralysed by a sphinx for 5 turns
 69481 | Swamp:1  | Entered Level 1 of the Swamp
 70409 | Swamp:2  | Found a frozen archway.
 70439 | IceCv    | Entered an ice cave
 71340 | Depths:2 | You paid a toll of 6 scrolls of fear to enter a treasure
                  | trove
 71341 | Trove    | Entered a treasure trove
 71362 | Trove    | Identified the amulet "Xaass" {Inacc rN+++} (You found it
                  | in a treasure trove)
 71364 | Trove    | Identified the amulet "Roopum" {Inacc +Blink +Fly rF+
                  | Str-5} (You found it in a treasure trove)
 71400 | Trove    | Identified Potuxoco's Compendium of Dislocation and
                  | Enchantment
 72746 | Swamp:3  | Found a runed translucent door.
 72746 | Swamp:3  | Found a shimmering altar of Xom.
 72746 | Swamp:3  | Noticed Reagifox's ghost (journeyman GrBe)
 72962 | Swamp:4  | Entered Level 4 of the Swamp
 73103 | Swamp:4  | Reached XP level 25. HP: 175/254 MP: 28/31
 73516 | Swamp:4  | Got a decaying rune of Zot
 74493 | Crypt:1  | Entered Level 1 of the Crypt
 74982 | Crypt:1  | Reached skill level 10 in Invocations
 75027 | Crypt:1  | Reached skill level 21 in Unarmed Combat
 75444 | Crypt:1  | Found a runed translucent door.
 75444 | Crypt:1  | Noticed Kullepif's ghost (legendary DETm)
 77284 | Crypt:3  | Entered Level 3 of the Crypt
 77294 | Crypt:3  | Noticed Xtahua
 77310 | Crypt:3  | Killed Xtahua
 78012 | Crypt:3  | Identified the ring "Kuxkuir" {rElec rN+ MR+ Int+4}
 78280 | Crypt:3  | Noticed Khufu
 78307 | Crypt:3  | Killed Khufu
 78605 | Crypt:3  | Noticed an ancient lich
 78655 | Crypt:3  | Noticed an ancient lich
 78655 | Crypt:3  | Noticed an ancient lich
 78684 | Crypt:3  | Killed an ancient lich
 78888 | Crypt:3  | Killed an ancient lich
 78890 | Crypt:3  | Killed an ancient lich
 78890 | Crypt:3  | Reached XP level 26. HP: 236/267 MP: 32/32
 78896 | Crypt:3  | Got a scintillating gossamer ring
 78897 | Crypt:3  | Identified the ring of Ephemeral Luck {rN+ Str+2 SInv
                  | Stlth-} (You found it on level 3 of the Crypt)
 78910 | Crypt:3  | Got a wavering tin ring
 78910 | Crypt:3  | Got a transparent bone ring
 78911 | Crypt:3  | Identified the ring "Ysoytt" {rF+ rC+ rN+ Stlth+} (You
                  | found it on level 3 of the Crypt)
 78912 | Crypt:3  | Identified the ring of Vierruups {rC+ rN+} (You found it on
                  | level 3 of the Crypt)
 79031 | Crypt:3  | Reached skill level 10 in Transmutations
 79036 | Crypt:3  | Found a staircase to the Tomb.
 79895 | Elf:3    | Bought a scroll of immolation for 59 gold pieces
 79895 | Elf:3    | Bought a scroll of immolation for 59 gold pieces
 79895 | Elf:3    | Bought a scroll of immolation for 59 gold pieces
 80156 | D:13     | Identified the +4 great mace of Megalomania {freeze, Dex+6}
 80156 | D:13     | Identified the +12 dire flail "Usyfoqun" {holy, rC- MR-
                  | Int+5 SInv}
 80159 | D:13     | Found a transporter.
 80170 | D:13     | Killed melvinkitnick's ghost
 80199 | D:13     | Got a fine tin ring
 80202 | D:13     | Identified the ring "Xanetusyis" {rPois rF+ rC- MP+9 EV+4}
                  | (You found it on level 13 of the Dungeon)
 80228 | D:13     | Found Xairilo's Magic Scroll Emporium.
 80234 | D:13     | Bought a scroll of teleportation for 51 gold pieces
 80234 | D:13     | Bought a scroll of teleportation for 51 gold pieces
 80234 | D:13     | Bought a scroll of teleportation for 51 gold pieces
 80234 | D:13     | Bought a scroll of enchant armour for 127 gold pieces
 80471 | Vaults:5 | Entered Level 5 of the Vaults
 80488 | Vaults:5 | Noticed an ancient lich
 80508 | Vaults:4 | Killed from afar by an ancient lich

Illustrated notes

Levels and vault maps discovered:
D:1:      saegor_arrival_simple_b, layout_loops_ring
D:2:      layout_loops_corners, gammafunk_temple_overflow_wave,
          eat_drink_and_be_merry_uskayaw, uniq_terence
D:3:      layout_loops_ring
D:4:      layout_cave_pools, tso_metal_star, minmay_temple_entry_statues_pillars
D:5:      layout_cave_pools, serial_shops, shop, uniq_prince_ribbit1
D:6:      layout_layer_cave
D:7:      layout_cave_pools, makhleb_blood_cavern_becter, kennysheep_little_box
D:8:      minmay_bloctagon_deflated, layout_layer_cave
D:9:      layout_loops_ring, orc_david_3, serial_undead, serial_undead_b,
          serial_undead_a, serial_undead_f, serial_undead_b
D:10:     layout_roguey, minmay_lair_entry_grove, minivault_28
D:11:     layout_irregular_city, minmay_variable_closet,
          minmay_hollow_rounded_squares
D:12:     layout_grid_maze
D:13:     layout_cave_pools, gammafunk_ghost_smash, serial_shops,
          nicolae_shop_competitors_out_of_business, gauntlet_entry_generic
D:14:     erik_rubicon_b, layout_loops_cross, grunt_vaults_entry_fortified
D:15:     hangedman_depths_entry_civil_slaughter, layout_cave_pools,
          basic_altar, minmay_misc_feat_columns, nicolae_gozag_seed_capital
Lair:1:   layout_cave_pods
Lair:2:   layout_hall_layers, st_stairs_9, grunt_megastairs_3
Lair:3:   layout_cave_pods, skrybe_swamp_entry_bodies
Lair:4:   layout_roguey, dummy_snake_entry, uniq_josephine
Lair:5:   layout_cave_pods, minmay_slime_entry_oklob_open, grunt_megastairs_2
Lair:6:   cheibrodos_lair_end_hotspot, layout_cave_pods
Swamp:1:  layout_basic_swamp, hangedman_swamp_pad, nicolae_swamp_snake_nest
Swamp:2:  layout_falls_marsh, portal_ice_cave_entry_pillars_three,
          evilmike_swamp_ruin_house_1
Swamp:3:  layout_basic_swamp, ebering_ghost_xom, evilmike_swamp_ruin_house_3
Swamp:4:  swamp, layout_basic_swamp, infiniplex_staircase_pool
Snake:1:  layout_chambers
Snake:2:  layout_layer_cave, grunt_megastairs_1, serial_bayou_shore_a,
          uniq_jorgrun
Snake:3:  gammafunk_its_a_trap, layout_basic
Snake:4:  johnstein_snake_rune_scales, layout_misc_corridors, grunt_ministairs_8
Orc:1:    layout_diamond_mine, abandoned_shop
Orc:2:    st_orc_town, layout_diamond_mine
Elf:1:    layout_rooms, minivault_28, uniq_frances
Elf:2:    layout_geoelf_diagonals
Elf:3:    minmay_elf_hall_not_hex, layout_gridlike, serial_shops,
          nicolae_shop_behind_doors, nicolae_shop_overgrown_old_shop,
          nicolae_shop_overgrown_old_shop
Vaults:1: hangedman_vaults_nodes, v_misc_14, v_alt_pattern_6,
          hangedman_vaults_stagger, grunt_vaults_diagonal,
          nicolae_vaults_three_branches, hangedman_vaults_cutoff,
          hangedman_vaults_stitches, vaults_room_hallway,
          vaults_room_stairs_pillars, layout_vaults_chaotic_city, uniq_donald,
          uniq_aizul
Vaults:2: nicolae_vaults_stairing_the_circle, v_pattern_2,
          nicolae_vaults_windows_and_doors_thing, dpeg_vaults_monster_row,
          v_misc_17, vaults_mumra_lcd, vaults_standard_mumra_enter_the_diamond,
          v_misc_11, vaults_dpeg_encased_lava, nicolae_vaults_c_with_doors,
          v_misc_13, grunt_vaults_focal, nicolae_vaults_little_squares_3,
          nicolae_vaults_circle_grid_b, vaults_room_stairs_pillars,
          layout_vaults_omnicross
Vaults:3: minmay_crypt_entry_necro_gods, grunt_vaults_funnel, v_misc_22,
          nicolae_vaults_little_squares_3, ontoclasm_vaults_ring_large,
          v_misc_30, nicolae_vaults_alarming, serial_ice_b, serial_ice_g,
          layout_vaults_omnigrid, serial_shops, shop
Vaults:4: v_misc_3, nicolae_vaults_network_barrier,
          nicolae_vaults_branching_niches, hangedman_vaults_capsules,
          nicolae_vaults_twisting_passages, ontoclasm_vaults_eye,
          nicolae_vaults_gold_heap, vaults_dpeg_ring, ontoclasm_vaults_gateway,
          ontoclasm_vaults_claustrophobia, nicolae_vaults_little_ls,
          layout_vaults_maze_snakey, uniq_margery, uniq_boris, uniq_frederick,
          uniq_bai_suzhen
Vaults:5
Crypt:1:  layout_regular_city, ebering_ghost_inner_flame, st_chilly_death
Crypt:2:  layout_regular_city
Crypt:3:  david_glass_crypt, layout_basic, nicolae_tomb_entry_grand_gallery,
          uniq_khufu, uniq_xtahua
Depths:1: layout_gridlike, lightli_too_deep, gammafunk_ghost_grave,
          mu_enter_wizlab_3, drop_trap, chequers_serial_rivers_small_b,
          nicolae_island_escapes, uniq_enchantress
Depths:2: hangedman_box_tower, layout_honeycomb, nicolae_trove_entry_crystal,
          hell_entry, abyss_entry, library_closet, evilmike_ruin_ashenzari,
          uniq_asterion
Depths:3: kennysheep_cluttered_fort, layout_cave_pools, hell_entry,
          nrook_mini_vaults, abyss_entry, pan_entry, sword_in_stone
Depths:4: four-leaf_vault, layout_cave_pools, grunt_pan_entry_spiral,
          pf_hell_entry_tar_spiral, abyss_entry, serial_shops, shop,
          eino_small_chamber_without_monster, uniq_jory
Depths:5: grunt_crosshair, layout_cave_shapes, enter_ziggurat_f, hell_entry,
          abyss_entry, fountainhead, minivault_16, uniq_sojobo

Skill      XL: |  1  2  3  4  5  6  7  8  9 10 11 12 13 14 15 16 17 18 19 20 21 22 23 24 25 26 |
---------------+-------------------------------------------------------------------------------+-----
Transmutations | 2 3 4 5 7 9 10 | 10.0
Unarmed Combat | 4 5 6 7 9 11 12 13 14 15 16 17 18 19 20 21 | 21.7
Fighting       | 1 2 3 4 5 6 7 8 9 10 11 12 13 14 15 16 | 16.7
Spellcasting   | 2 3 4 5 6 |  6.9
Throwing       | 1 2 3 4 6 7 8 9 10 11 12 13 | 13.1
Invocations    | 2 4 5 7 8 9 11 | 11.2
Shields        | 3 7 9 |  9.0
Armour         | 3 6 7 8 9 10 11 13 15 18 19 20 | 20.0
Evocations     | 2 3 4 5 6 |  6.1
Polearms       | 2 3 |  3.0
Translocations | 2 |  2.8
Earth Magic    | 3 |  3.1
Dodging        | |  1.5
Stealth        | |  0.2

Action                   |  1- 3 |  4- 6 |  7- 9 | 10-12 | 13-15 | 16-18 | 19-21 | 22-24 | 25-27 || total
-------------------------+-------+-------+-------+-------+-------+-------+-------+-------+-------++-------
Melee: Unarmed           |    54 |   122 |   242 |   682 |   371 |  1317 |  1200 |  1235 |   583 ||  5806
       Kick              |     8 |    10 |    49 |    62 |     3 |    11 |    16 |       |       ||   159
       Headbutt          |     3 |     5 |    18 |    38 |     1 |    13 |    10 |       |       ||    88
       Punch             |       |     2 |    10 |     6 |       |    13 |    31 |    68 |    57 ||   187
       Spear             |       |       |       |       |       |    14 |       |       |       ||    14
       Demon trident     |       |       |       |       |       |       |       |     1 |       ||     1
Throw: Boomerang         |       |       |     4 |    22 |     4 |   151 |       |       |       ||   181
       Dart              |       |       |    13 |    29 |    14 |    17 |       |       |       ||    73
       Large rock        |       |       |       |    32 |    33 |    84 |    26 |   100 |    17 ||   292
       Javelin           |       |       |       |       |       |    72 |    16 |    18 |       ||   106
 Cast: Beastly Appendage |    21 |    16 |    39 |    39 |     2 |     4 |     3 |     1 |     4 ||   129
       Wereblood         |       |     8 |    31 |    29 |    12 |    90 |    69 |    78 |    28 ||   345
       Blade Hands       |       |       |       |       |       |    26 |    33 |    64 |    35 ||   158
       Statue Form       |       |       |       |       |       |       |       |     1 |       ||     1
Invok: Slouch            |       |       |       |       |       |       |       |       |     3 ||     3
 Abil: Evoke Invisibilit |       |       |       |       |     5 |     1 |     1 |     1 |       ||     8
       Evoke Flight      |       |       |       |       |     4 |       |       |       |       ||     4
       End Transformatio |       |       |       |       |       |       |       |     2 |       ||     2
Evoke: Wand              |       |       |       |     5 |       |       |       |    17 |     2 ||    24
  Use: Scroll            |       |       |     1 |    14 |     8 |    20 |    12 |    17 |     8 ||    80
       Potion            |       |       |       |     3 |     5 |    10 |    12 |    10 |     5 ||    45
 Stab: Sleeping          |     1 |     1 |       |       |     4 |     2 |       |       |       ||     8
       Paralysed         |       |     1 |     7 |    40 |    25 |   113 |   119 |       |       ||   305
       Invisible         |       |       |       |       |     3 |       |     1 |       |       ||     4
       Distracted        |       |       |       |       |     1 |       |       |     3 |       ||     4
       Petrified         |       |       |       |       |       |     2 |       |       |       ||     2
       Confused          |       |       |       |       |       |       |       |     2 |     1 ||     3
Armor: Robe              |    12 |    49 |    70 |   134 |       |       |       |       |       ||   265
       Troll leather arm |       |       |       |    40 |    32 |       |       |       |       ||    72
       Skin              |       |       |       |     2 |       |       |       |       |       ||     2
       Swamp dragon scal |       |       |       |       |   150 |   377 |   102 |       |       ||   629
       Gold dragon scale |       |       |       |       |       |       |   444 |   992 |   611 ||  2047
Dodge: Dodged            |    29 |    90 |    97 |   206 |   111 |   318 |   179 |   342 |   193 ||  1565
Block: Kite shield       |       |       |       |   202 |   177 |   561 |   413 |   455 |   320 ||  2128

Table legend: (Time is in decaauts)
 A = Elapsed time spent in this place.
 B = Non-inter-level travel time spent in this place.
 C = Inter-level travel time spent in this place.
 D = Time resting spent in this place.
 E = Time spent auto-exploring this place.
 F = Levels seen in this place.
 G = Mean time per level.
                   A        B        C        D        E       F      G
               +--------+--------+--------+--------+--------+-----+--------+
         Total |  93046 |  75899 |  17147 |  19703 |  40892 |  52 | 1789.3 |
       Dungeon |  26083 |  19238 |   6845 |   5549 |   9812 |  15 | 1738.9 |
          Lair |   8243 |   6108 |   2135 |    561 |   4524 |   6 | 1373.8 |
         Swamp |   5666 |   5183 |    483 |    353 |   3983 |   4 | 1416.5 |
     Snake Pit |   8757 |   8160 |    597 |   2613 |   3961 |   4 | 2189.2 |
  Orcish Mines |   2736 |   1754 |    982 |      0 |   1350 |   2 | 1368.0 |
   Elven Halls |   5155 |   3997 |   1158 |    854 |   1959 |   3 | 1718.3 |
        Vaults |  12608 |  10749 |   1859 |   4188 |   4635 |   5 | 2521.6 |
         Crypt |   6388 |   6147 |    241 |   1823 |   3180 |   3 | 2129.3 |
        Depths |  15128 |  12284 |   2844 |   3104 |   7079 |   5 | 3025.6 |
         Abyss |    147 |    147 |      0 |     43 |     39 |   1 |  147.0 |
         Trove |    158 |    158 |      0 |      0 |     32 |   1 |  158.0 |
      Ice Cave |    504 |    504 |      0 |      0 |    164 |   1 |  504.0 |
        Wizlab |    589 |    589 |      0 |     91 |      0 |   1 |  589.0 |
      Gauntlet |    880 |    880 |      0 |    521 |    171 |   1 |  880.0 |
               +--------+--------+--------+--------+--------+-----+--------+

Top non-repeatable levels by time:
Depths:2: 3970 daAuts
Vaults:2: 3872 daAuts
Depths:1: 3677 daAuts
Vaults:1: 3432 daAuts
     D:9: 3427 daAuts
Vaults:3: 3095 daAuts
    D:14: 3028 daAuts
   Elf:3: 2867 daAuts
Depths:5: 2800 daAuts
Depths:4: 2692 daAuts
    D:11: 2523 daAuts
 Snake:3: 2515 daAuts
    D:10: 2476 daAuts
    D:12: 2371 daAuts
 Snake:4: 2310 daAuts
